 Dungeon Crawl Stone Soup version 0.30.0-29-ga12c61a403 (webtiles) character file.

Game seed: 13630052765755849779

1092 AIAndy the Transmogrifier (level 8, -9/46 (48) HPs)
             Began as an Octopode Transmuter on June 13, 2023.
             Was a Believer of Wu Jian.
             Mangled by an orc warrior
             ... wielding a +0 dire flail
              (12 damage)
             ... on level 5 of the Dungeon.
             The game lasted 00:25:08 (4931 turns).

AIAndy the Transmogrifier (Octopode Transmuter)     Turns: 4931, Time: 00:25:08

HP:   -9/46 (48)    AC:  2    Str: 12    XL:     8   Next: 31%
MP:   12/12         EV: 26    Int: 15    God:    Wu Jian [**....]
Gold: 212           SH:  0    Dex: 32    Spells: 5/13 levels left

rFire   . .          .
                       - Unarmed
rCold   . . .        (shield currently unavailable)
rNeg    . . .        (helmet currently unavailable)
rPois   .            b - amulet of faith
rElec   .            s - +6 ring of dexterity
rCorr   .            u - +6 ring of dexterity
SInv    .            v - ring of the First Bounties {rPois EV+5 Dex+3}
Will    .....        (no ring)
Stlth   ++           (no ring)
HPRegen 0.27/turn    (no ring)
MPRegen 0.13/turn    (no ring)
                     (no ring)

%: faith
@: spider-form (expiring), lightly drained
A: venomous fangs, almost no armour, (amphibious), 8 rings, tiny, (camouflage
1), (gelatinous body 1), (nimble swimmer 1), (tentacles)
a: End Transformation, Renounce Religion, Wall Jump


You were on level 5 of the Dungeon.
You worshipped Wu Jian.
Wu Jian was pleased with you.
You were a venomous arachnid creature.
You visited 1 branch of the dungeon, and saw 6 of its levels.

You collected 212 gold pieces.

Inventory:

Hand Weapons
 p - a +0 sling
Missiles
 m - 23 stones
 w - 2 boomerangs (quivered)
 x - 6 curare-tipped darts
Jewellery
 b - an amulet of faith (around neck)
 s - a +6 ring of dexterity (left front pincers)
 u - a +6 ring of dexterity (right front pincers)
 v - the ring of the First Bounties (on tentacle) {rPois EV+5 Dex+3}
   (You found it on level 4 of the Dungeon)

   [ring of evasion]

   EV:        It affects your evasion (+5).
   Dex:       It affects your dexterity (+3).
   rPois:     It protects you from poison.
Wands
 o - a wand of flame (9)
 y - a wand of charming (9)
Scrolls
 c - 2 scrolls of teleportation {unknown}
 d - 2 scrolls of identify {unknown}
 e - a scroll of summoning {unknown}
 f - a scroll of fear {unknown}
 i - 2 scrolls of amnesia {unknown}
 j - a scroll of poison {unknown}
 k - 3 scrolls of enchant armour {unknown}
 l - 3 scrolls of magic mapping {unknown}
 n - a scroll of fog {unknown}
 r - a scroll of vulnerability {unknown}
 t - a scroll of enchant weapon {unknown}
Potions
 a - a potion of lignification
 g - a potion of ambrosia {unknown}
 h - 2 potions of heal wounds {unknown}
 q - 3 potions of brilliance {unknown}
 z - a potion of curing {unknown}


   Skills:
 - Level 1.0 Fighting
 - Level 2.0 Dodging
 - Level 4.0 Unarmed Combat
 - Level 3.0 Spellcasting
 * Level 8.8 Transmutations
 - Level 2.0 Poison Magic


You had 5 spell levels left.
You knew the following spells:

 Your Spells              Type           Power      Damage    Failure   Level
a - Beastly Appendage     Tmut           56%        N/A       3%          1
b - Spider Form           Tmut/Pois      18%        N/A       17%         3
c - Ice Form              Ice/Tmut       15%        N/A       54%         4

Your spell library contained the following spells:

 Spells                   Type           Power      Damage    Failure   Level
 Wereblood                Tmut           28%        N/A       4%          2
 Kiss of Death            Conj/Necr      8%         2d6       41%         1
 Magic Dart               Conj           8%         1d3       41%         1
 Lesser Beckoning         Tloc           4%         N/A       52%         2
 Searing Ray              Conj           4%         2d4       52%         2
 Confusing Touch          Hex            2%         N/A       73%         3
 Gell's Gravitas          Tloc           2%         N/A       73%         3
 Teleport Other           Tloc           2%         N/A       73%         3
 Dispel Undead            Necr           2%         3d7       97%         4
 Fulminant Prism          Conj/Hex       1%         3d5       97%         4
 Conjure Ball Lightning   Conj/Air       1%         3x3d6     100%        6
 Discord                  Hex            1%         N/A       100%        8
 Disjunction              Tloc           1%         N/A       100%        8


Dungeon Overview and Level Annotations

Branches:
Dungeon (6/15)
 Temple: D:4-7

Altars:
Elyvilon
Hepliaklqana
Qazlal
Uskayaw
Wu Jian
Yredelemnul
The Shining One

Shops:
D:5 !

Annotations:
D:3 1 runed translucent door, Crazy Yiuf
D:5 2 transporters


Innate Abilities, Weirdness & Mutations

You are a venomous arachnid creature.
You have venomous fangs.
You are tiny and dextrous.
Your spellcasting is less reliable in this form.
Your armour is entirely melded.
You are incapable of wielding weapons or throwing items.
You cannot wear most types of armour.
((You are amphibious.))
You can wear up to eight rings at the same time.
((Your skin changes colour to match your surroundings (Stealth+).))
((Your rubbery body absorbs attacks. (AC +1, EV +1)))
((You are camouflaged when in or above water. (Stealth+)))
((You have tentacles for arms and can constrict up to eight enemies at once.))


Message History

The orc warrior hits you with a +0 dire flail!
You barely miss the orc warrior. The orc completely misses you.
The orc warrior misses you.
You hit the orc warrior but do no damage.
The orc warrior looks even sicker.
You kill the orc!
The Council accepts your kill. The orc warrior closely misses you.
Training target 3.0 for Spellcasting reached!
Your Spellcasting skill increases to level 3!
You hit the orc warrior but do no damage.
The orc warrior looks as sick as possible!
The orc warrior is lightly wounded.
The orc warrior closely misses you.
You hit the orc warrior.
The orc warrior looks as sick as possible!
The orc warrior is moderately wounded.
You barely miss the orc warrior.
The orc warrior is moderately wounded.
The orc warrior closely misses you.
You hit the orc warrior but do no damage.
The orc warrior looks as sick as possible!
The orc warrior is moderately wounded.
Your transformation is almost over.
The orc warrior hits you with a +0 dire flail!
You hit the orc warrior.
The orc warrior looks as sick as possible!
The orc warrior is severely wounded.
The orc warrior closely misses you.
You hit the orc warrior but do no damage.
The orc warrior is severely wounded.
The orc warrior closely misses you.
You hit the orc warrior but do no damage.
The orc warrior looks as sick as possible!
The orc warrior is severely wounded.
The orc warrior hits you with a +0 dire flail!
* * * LOW HITPOINT WARNING * * *
The orc warrior attacks as you move away!
The orc warrior hits you with a +0 dire flail!
You die...

######.# #.##...##########.....##
.......###.#.....# ##.##..#
.#.........##...## #.###.#
.#.###.#######.## #.# #..
.#.###.# #.# ####.####. .#...#.#
#.# ######......##. .......#
##'## #.......#.#.### .###.#.#
##...###.####..#.#.# # .###.#.#
##....s##.####..#.#.# # .......#
#......o#.##......#.#
###..############)))##....###.###
#...#....### #..............†.
##..'......## #...##....###.###
#...#.......## #.#...........#
#.######.....########.########
#.# ###....# #.# #.# ###...## #


You could see an orc warrior (extremely poisoned).

Vanquished Creatures
  A wyvern (D:5)
  An ogre (D:4)
  2 black bears (D:5)
  3 scorpions (D:5)
  An orc priest (D:5)
  2 hounds
  3 jellies
  Jessica (D:2)
  3 iguanas (D:5)
  2 orc wizards (D:3)
  3 gnolls (D:4)
  3 adders
  A white imp (D:5)
  An ufetubus (D:5)
  3 dart slugs (D:1)
  12 orcs
  8 ball pythons
  3 bats (D:1)
  9 endoplasms
  3 giant cockroaches
  6 goblins
  9 hobgoblins
  12 kobolds
  7 quokkas
  5 frilled lizards
  7 rats
111 creatures vanquished.

Notes
Turn   | Place    | Note
-------+----------+-------------------------------------------
     0 | D:1      | AIAndy the Octopode Transmuter began the quest for the Orb.
     0 | D:1      | Reached XP level 1. HP: 13/13 MP: 3/3
   143 | D:1      | Reached XP level 2. HP: 18/18 MP: 3/5
   194 | D:1      | Reached skill level 3 in Transmutations
   386 | D:1      | Reached XP level 3. HP: 23/23 MP: 4/6
   390 | D:1      | Learned a level 3 spell: Spider Form
  1188 | D:2      | Reached skill level 1 in Poison Magic
  1566 | D:2      | Reached skill level 4 in Transmutations
  1566 | D:2      | Reached XP level 4. HP: 28/28 MP: 7/7
  1576 | D:2      | Noticed Jessica
  1581 | D:2      | Killed Jessica
  1791 | D:3      | Found a faded altar of an unknown god.
  1901 | D:3      | Reached XP level 5. HP: 33/33 MP: 5/8
  2063 | D:3      | Reached skill level 5 in Transmutations
  2516 | D:3      | Found a runed translucent door.
  2517 | D:3      | Noticed Crazy Yiuf
  2651 | D:3      | Found a faded altar of an unknown god.
  2651 | D:3      | Found a faded altar of an unknown god.
  2656 | D:3      | Found a hazy altar of Hepliaklqana.
  2661 | D:3      | Prayed at the altar of an unknown god.
  2661 | D:3      | Became a worshipper of the Wu Jian Council
  2661 | D:3      | Reached * piety under Wu Jian
  2668 | D:3      | Found a basalt altar of Yredelemnul.
  2670 | D:3      | Found a white marble altar of Elyvilon.
  2819 | D:4      | Identified the ring of the First Bounties {rPois EV+5
                  | Dex+3}
  2956 | D:4      | Noticed an ogre
  3001 | D:4      | Reached XP level 6. HP: 30/38 MP: 7/9
  3204 | D:4      | Reached ** piety under Wu Jian
  3205 | D:4      | Reached skill level 6 in Transmutations
  3618 | D:4      | Found a stormy altar of Qazlal.
  3659 | D:5      | Entered Level 5 of the Dungeon
  3767 | D:5      | Noticed an orc warrior
  3778 | D:6      | Learned a level 4 spell: Ice Form
  3781 | D:6      | Noticed a yak
  3867 | D:5      | Found a hide-covered altar of Uskayaw.
  3897 | D:5      | Reached XP level 7. HP: 41/43 MP: 7/10
  3944 | D:5      | Found a transporter.
  3948 | D:5      | Found Suge's Distillery.
  3979 | D:5      | Found a glowing golden altar of the Shining One.
  4026 | D:5      | Reached skill level 7 in Transmutations
  4124 | D:5      | Noticed a wyvern
  4137 | D:5      | Killed a wyvern
  4394 | D:5      | Reached skill level 8 in Transmutations
  4470 | D:5      | Reached XP level 8. HP: 48/48 MP: 4/11
  4855 | D:5      | Found a transporter.
  4931 | D:5      | Mangled by an orc warrior

Illustrated notes

Levels and vault maps discovered:
D:1:      dpeg_arrival_simpleton_c, layout_loops_ring
D:2:      layout_loops_corners, uniq_jessica
D:3:      layout_loops_ring, chequers_temple_overflow_minitemple,
          ebering_ecumenical_altar_rust, dreamdust_princess_bridge,
          uniq_crazy_yiuf_cottage
D:4:      layout_rooms, lemuel_coloured_pillars_altar
D:5:      layout_loops_corners, mainiacjoe_overflow_small_starburst,
          tso_metal_star, serial_shops, nicolae_shop_drivethru,
          lightli_corner_chamber
D:6:      layout_gridville, grunt_ministairs_15, kennysheep_generic_room_2,
          uniq_duvessa

Skill      XL: |  1  2  3  4  5  6  7  8 |
---------------+-------------------------+-----
Transmutations | 3 4 5 6 8 |  8.8
Poison Magic   | 1 2 |  2.0
Unarmed Combat | 4 |  4.0
Spellcasting   | 3 |  3.0
Fighting       | |  1.0
Dodging        | |  2.0

Action                     |  1- 3 |  4- 6 |  7- 9 || total
---------------------------+-------+-------+-------++-------
  Melee: Unarmed           |    87 |   104 |    74 ||   265
         Constrict         |    23 |    18 |     3 ||    44
         Kick              |    22 |    27 |       ||    49
         Tentacles         |    15 |    18 |     1 ||    34
         Punch             |       |     3 |       ||     3
  Throw: Stone             |       |     6 |       ||     6
         Boomerang         |       |     5 |     6 ||    11
   Cast: Beastly Appendage |    28 |    23 |       ||    51
         Spider Form       |       |     3 |    10 ||    13
Ability: Lunge             |       |    15 |     7 ||    22
   Stab: Sleeping          |    10 |     8 |     3 ||    21
         Distracted        |       |     1 |       ||     1
 Armour: Skin              |     3 |     4 |     3 ||    10
  Dodge: Dodged            |    40 |    56 |    68 ||   164
